 Dungeon Crawl Stone Soup version 0.28-a0-1493-g08698888e4 (webtiles) character file.

Game seed: 908787588622809005

3492 ytrimaz the Slasher (level 10, -10/79 HPs)
             Began as a Gnoll Wanderer on Jan 12, 2022.
             Was a Follower of Ru.
             Mangled by Harold (12 damage)
             ... on level 8 of the Dungeon.
             The game lasted 00:09:33 (7511 turns).

ytrimaz the Slasher (Gnoll Wanderer)                Turns: 7511, Time: 00:09:34

Health: -10/79     AC: 15    Str: 14    XL:     10   Next: 7%
Magic:  17/17      EV: 10    Int: 15    God:    Ru [*.....]
Gold:   173        SH:  0    Dex: 13    Spells: 19/19 levels left

rFire   . . .      SeeInvis +   q - +3 flail (drain)
rCold   . . .      Faith    .   (no shield)
rNeg    + + +      Spirit   .   a - +5 scale mail of the Sparrow {rN+++ Regen+ Stlth-}
rPois   .          Reflect  .   i - +1 helmet {Int+3}
rElec   .          Harm     .   (no cloak)
rCorr   .          Rampage  .   (no gloves)
Will    .....                   e - +0 pair of boots
Stlth   ..........              h - amulet of regeneration
HPRegen 1.83/turn               w - ring of see invisible
MPRegen 0.15/turn               (no ring)

@: no status effects
A: fangs 1, unskilled 1, strong nose, distributed training
a: Renounce Religion


You were on level 8 of the Dungeon.
You worshipped Ru.
Ru was aware of your devotion.
You visited 2 branches of the dungeon, and saw 9 of its levels.
You also visited: Sewer.

You collected 335 gold pieces.
You spent 162 gold pieces at shops.

Inventory:

Hand Weapons
 q - a +3 flail of draining (weapon)
Armour
 a - the +5 scale mail of the Sparrow (worn) {rN+++ Regen+ Stlth-}
   (You bought it in a shop on level 2 of the Dungeon)

   rN:        It renders you almost immune to negative energy.
   Regen:     It increases your rate of health regeneration.
   Stlth:     It makes you less stealthy.
 e - a +0 pair of boots (worn)
 i - a +1 helmet of intelligence (worn)
Magical Staves
 b - a staff of conjuration
 x - a staff of fire
Jewellery
 h - an amulet of regeneration (around neck)
 w - a ring of see invisible (left hand)
Wands
 j - a wand of polymorph (9)
 r - a wand of iceblast (23)
 s - a wand of mindburst (34)
Scrolls
 d - 4 scrolls of enchant weapon
 k - 4 scrolls of enchant armour
 m - 2 scrolls of fear
 t - a scroll of brand weapon
 u - 2 scrolls of amnesia
 v - a scroll of fog
 y - a scroll of teleportation
Potions
 c - 3 potions of heal wounds
 f - 2 potions of ambrosia
 g - 2 potions of degeneration
 l - a potion of flight
 n - 2 potions of lignification
 o - 3 potions of curing
 p - a potion of attraction {unknown}
 z - a potion of resistance {unknown}
 A - a potion of invisibility {unknown}
 B - a potion of berserk rage


   Skills:
 + Level 7.5 Fighting
 + Level 4.4 Short Blades
 + Level 7.5 Long Blades
 + Level 4.4 Axes
 + Level 4.4 Maces & Flails
 + Level 4.4 Polearms
 + Level 4.4 Staves
 + Level 4.4 Slings
 + Level 4.4 Bows
 + Level 4.4 Crossbows
 + Level 4.4 Throwing
 + Level 4.4 Armour
 + Level 4.4 Dodging
 + Level 4.4 Stealth
 + Level 4.4 Shields
 + Level 4.4 Unarmed Combat
 + Level 5.2 Spellcasting
 + Level 3.6 Conjurations
 + Level 3.6 Hexes
 + Level 3.6 Summonings
 + Level 3.6 Necromancy
 + Level 3.6 Translocations
 + Level 3.6 Transmutations
 + Level 3.6 Fire Magic
 + Level 3.6 Ice Magic
 + Level 3.6 Air Magic
 + Level 3.6 Earth Magic
 + Level 6.2 Poison Magic
 + Level 4.9 Invocations
 + Level 4.4 Evocations


You had 19 spell levels left.
You didn't know any spells.
Your spell library contained the following spells:

 Spells                   Type           Power      Damage    Failure   Level
 Sting                    Tmut/Pois      72%        1d6       9%          1
 Static Discharge         Conj/Air       14%        N/A       22%         2
 Ignite Poison            Fire/Tmut/Pois 17%        N/A       28%         3
 Stone Arrow              Conj/Erth      28%        3d8       38%         3
 Olgreb's Toxic Radiance  Pois           22%        N/A       43%         4
 Animate Armour           Summ/Erth      28%        N/A       80%         4
 Dispel Undead            Necr           14%        3d10      80%         4
 Sticky Flame             Conj/Fire      14%        2d4       80%         4
 Lehudib's Crystal Spear  Conj/Erth      7%         10d3      100%        8


Dungeon Overview and Level Annotations

Branches:
Dungeon (8/15)             Temple (1/1) D:4           Sewer (visited)
   Lair: D:8-11

Altars:
Ashenzari
Cheibriados
Dithmenos
Elyvilon
Fedhas
Gozag
Hepliaklqana
Kikubaaqudgha
Makhleb
Nemelex Xobeh
Okawaru
Qazlal
Ru
Sif Muna
Trog
Uskayaw
Vehumet
Wu Jian
Xom
Yredelemnul
Zin

Shops:
D:2 [(?*=   D:3 =

Annotations:
D:3 1 runed translucent door, Crazy Yiuf
D:8 Harold


Innate Abilities, Weirdness & Mutations

You have very sharp teeth.
You are somewhat unskilled. (-1 Apt)
Your uncanny sense of smell can sniff out nearby items.
Your experience applies equally to all skills.


Message History

The wight is heavily damaged.
Harold hits you from afar with a +0 glaive.
The wight hits you but does no damage. Harold hits you but does no damage.
You hit the wight but do no damage.
The wight is heavily damaged.
The wight hits you but does no damage.
Harold hits you from afar with a +0 glaive!
You barely miss the wight.
The wight is heavily damaged.
The wight hits you but does no damage.
Harold hits you from afar with a +0 glaive.
You hit the wight. You bite the wight, but do no damage.
The wight is severely damaged.
The wight closely misses you.
Harold hits you from afar with a +0 glaive!
You closely miss the wight. You bite the wight, but do no damage.
The wight is severely damaged.
The wight is stunned by your conviction and fails to attack.
The howler monkey hoots and howls with incredible vigour!
Harold hits you but does no damage.
You hear a shout! x2; You hear an angry buzzing noise. x2
You hit the wight but do no damage. You bite the wight, but do no damage.
The wight is severely damaged.
The wight hits you with a +1 dagger.
Harold hits you from afar with a +0 glaive!
* * * LOW HITPOINT WARNING * * *
The wight misses you.
Harold throws a throwing net.
The throwing net hits you.
You become entangled in the net!
You see here a throwing net.
You tear a large gash into the net.
Unknown command.
You struggle against the net.
An orc comes into view. It is wielding a +0 mace.
Harold hits you from afar with a +0 glaive!!
* * * LOW HITPOINT WARNING * * *
You shred the net and break free!
The orc shouts!
Harold hits you from afar with a +0 glaive!
You die...

... _.@ ∆ #..
.. ..# #..#
#.###o# #<..#..
#..# h###.....
..#
........####..#
#h...##.# ∆
#.##h##.#
#.##z##@# ∆
#.##.##.#
#.##.##@#
#.##...z#
#.#######
######## #.#
.......# #.#
.†.....###.#
..<........#


You could see Harold, a wight and an orc.

Vanquished Creatures
  Maggie (D:7)
  Grinder (D:3)
  Sigmund (D:3)
  A wyvern (D:6)
  A steam dragon (D:8)
  Menkaure (D:4)
  Edmund (D:6)
  4 ice beasts
  A sky beast (D:7)
  An ogre (D:4)
  A necrophage (D:4)
  A centaur (D:6)
  A phantom (D:4)
  A kobold brigand (D:7)
  A gnoll sergeant (D:5)
  2 bullfrogs
  4 scorpions
  A wyvern skeleton (D:5)
  5 wights
  2 bullfrog zombies
  A centaur zombie (D:7)
  2 hounds
  3 jellies
  2 orc priests
  4 iguanas
  A bullfrog skeleton (D:6)
  A centaur skeleton (D:7)
  Ijyb (D:3)
  2 orc wizards
  A hell rat (Sewer)
  A killer bee zombie (D:7)
  6 gnolls
  5 adders
  3 river rats (Sewer)
  A shadow imp (D:6)
  3 white imps (D:7)
  An adder skeleton (D:4)
  A worm (D:4)
  3 dart slugs
  25 orcs
  8 bats
  5 endoplasms
  9 giant cockroaches
  18 goblins
  10 hobgoblins
  8 quokkas
  6 ball pythons
  6 frilled lizards
  13 kobolds
  12 rats
194 creatures vanquished.

Vanquished Creatures (collateral kills)
  A scorpion (D:6)
1 creature vanquished.

Vanquished Creatures (others)
  3 plants (D:2)
3 creatures vanquished.

Grand Total: 198 creatures vanquished

Notes
Turn   | Place    | Note
-------+----------+-------------------------------------------
     0 | D:1      | ytrimaz the Gnoll Wanderer began the quest for the Orb.
     0 | D:1      | ytrimaz set off with the following items: a +1 falchion, a
                  | +0 robe; and the following spell memorised: Sting; and the
                  | following spells available to memorise: Olgreb's Toxic
                  | Radiance, Ignite Poison
     0 | D:1      | Reached XP level 1. HP: 23/23 MP: 4/4
   206 | D:1      | Reached XP level 2. HP: 20/29 MP: 5/5
   567 | D:1      | Reached XP level 3. HP: 32/35 MP: 7/7
   855 | D:1      | Reached skill level 1 in Invocations
  1485 | D:2      | Found Tewejigam's Magic Scroll Boutique.
  1493 | D:2      | Reached skill level 1 in Short Blades
  1493 | D:2      | Reached skill level 1 in Axes
  1493 | D:2      | Reached skill level 1 in Maces & Flails
  1493 | D:2      | Reached skill level 1 in Polearms
  1493 | D:2      | Reached skill level 1 in Staves
  1493 | D:2      | Reached skill level 1 in Slings
  1493 | D:2      | Reached skill level 1 in Bows
  1493 | D:2      | Reached skill level 1 in Crossbows
  1493 | D:2      | Reached skill level 1 in Throwing
  1493 | D:2      | Reached skill level 1 in Armour
  1493 | D:2      | Reached skill level 1 in Dodging
  1493 | D:2      | Reached skill level 1 in Stealth
  1493 | D:2      | Reached skill level 1 in Shields
  1493 | D:2      | Reached skill level 1 in Unarmed Combat
  1493 | D:2      | Reached skill level 1 in Evocations
  1493 | D:2      | Reached XP level 4. HP: 40/41 MP: 8/8
  1494 | D:2      | Found Xuttitt's Weapon Shoppe.
  1548 | D:2      | Found Gaceucew's Assorted Antiques.
  1788 | D:2      | Found a faded altar of an unknown god.
  1864 | D:2      | Found Inorghy's Antique Armour Emporium.
  2057 | D:2      | Found Qetru's Jewellery Boutique.
  2168 | D:2      | Reached skill level 1 in Conjurations
  2168 | D:2      | Reached skill level 1 in Hexes
  2168 | D:2      | Reached skill level 1 in Summonings
  2168 | D:2      | Reached skill level 1 in Necromancy
  2168 | D:2      | Reached skill level 1 in Translocations
  2168 | D:2      | Reached skill level 1 in Transmutations
  2168 | D:2      | Reached skill level 1 in Fire Magic
  2168 | D:2      | Reached skill level 1 in Ice Magic
  2168 | D:2      | Reached skill level 1 in Air Magic
  2168 | D:2      | Reached skill level 1 in Earth Magic
  2513 | D:3      | Found a glowing drain.
  2538 | Sewer    | Entered a sewer
  2584 | Sewer    | Reached XP level 5. HP: 24/47 MP: 9/9
  2815 | D:3      | Found Osadgharr's Jewellery Emporium.
  2864 | D:3      | Noticed Grinder
  2875 | D:3      | Killed Grinder
  2876 | D:3      | Reached XP level 6. HP: 53/53 MP: 9/11
  2946 | D:3      | Noticed Sigmund
  2956 | D:3      | Killed Sigmund
  2957 | D:3      | Reached XP level 7. HP: 57/60 MP: 12/12
  3209 | D:3      | Noticed Ijyb
  3233 | D:3      | Killed Ijyb
  3607 | D:3      | Found a runed translucent door.
  3608 | D:3      | Noticed Crazy Yiuf
  4017 | D:2      | Bought a twisted scale mail for 162 gold pieces
  4017 | D:2      | Identified the +5 scale mail of the Sparrow {rN+++ Regen+
                  | Stlth-} (You bought it in a shop on level 2 of the Dungeon)
  4253 | D:4      | Found a staircase to the Ecumenical Temple.
  4371 | D:4      | Noticed Menkaure
  4392 | D:4      | Killed Menkaure
  4543 | D:4      | Reached XP level 8. HP: 67/67 MP: 14/14
  4924 | D:5      | Entered Level 5 of the Dungeon
  5616 | D:4      | Reached XP level 9. HP: 71/72 MP: 16/16
  5621 | Temple   | Entered the Ecumenical Temple
  5867 | Temple   | Became a worshipper of Ru the Awakened
  6094 | D:6      | Reached skill level 5 in Spellcasting
  6135 | D:6      | Noticed Edmund
  6152 | D:6      | Killed Edmund
  6578 | D:6      | Found an ancient bone altar of Kikubaaqudgha.
  6773 | D:7      | Found a hazy altar of Hepliaklqana.
  6807 | D:7      | Reached skill level 5 in Invocations
  6880 | D:7      | Gained mutation: You are somewhat unskilled. (-1 Apt) [Ru
                  | sacrifice]
  6880 | D:7      | Reached * piety under Ru
  7148 | D:7      | Noticed Maggie
  7168 | D:7      | Killed Maggie
  7169 | D:7      | Reached skill level 5 in Spellcasting
  7399 | D:8      | Reached XP level 10. HP: 79/79 MP: 17/17
  7481 | D:8      | Found a radiant altar of Vehumet.
  7483 | D:8      | Noticed Harold
  7510 | D:8      | HP: 1/79 [Harold (22)]
  7511 | D:8      | Mangled by Harold

Illustrated notes

Levels and vault maps discovered:
D:1:      onia_arrival_pentagram, layout_basic, st_stairs_9
D:2:      layout_loops_ring, serial_shops, shop, shop, nicolae_shop_statue_plus,
          shop, nicolae_shop_overgrown_old_shop,
          hellmonk_ecumenical_altar_inner_sanctum
D:3:      minmay_general_purpose_star, layout_basic,
          cheibrodos_sewer_entry_drain, serial_shops, shop,
          kennysheep_another_room, grunt_ministairs_1, minmay_fractal_squares_5,
          uniq_grinder, uniq_ijyb, uniq_crazy_yiuf_cottage, uniq_sigmund
D:4:      kennysheep_the_goblin_king, layout_loops_ring,
          minmay_temple_entry_from_below_a, uniq_menkaure
D:5:      layout_cave_pools
D:6:      layout_loops_cross, kennysheep_little_box, nicolae_fountain_basement,
          uniq_edmund
D:7:      layout_cave_pools, nicolae_overflow_crystal_walls,
          chequers_serial_rivers_large_a, uniq_maggie
D:8:      layout_basic, lemuel_doored_altar, vehumet_crystals, uniq_harold
Temple:   dpeg_five_rooms_temple

Skill      XL: |  1  2  3  4  5  6  7  8  9 |
---------------+----------------------------+-----
Invocations    | 1 2 3 4 4 |  4.9
Short Blades   | 1 2 3 4 |  4.4
Axes           | 1 2 3 4 |  4.4
Maces & Flails | 1 2 3 4 |  4.4
Polearms       | 1 2 3 4 |  4.4
Staves         | 1 2 3 4 |  4.4
Slings         | 1 2 3 4 |  4.4
Bows           | 1 2 3 4 |  4.4
Crossbows      | 1 2 3 4 |  4.4
Throwing       | 1 2 3 4 |  4.4
Armour         | 1 2 3 4 |  4.4
Dodging        | 1 2 3 4 |  4.4
Stealth        | 1 2 3 4 |  4.4
Shields        | 1 2 3 4 |  4.4
Unarmed Combat | 1 2 3 4 |  4.4
Evocations     | 1 2 3 4 |  4.4
Spellcasting   | 3 4 5 |  5.2
Conjurations   | 1 2 3 |  3.6
Hexes          | 1 2 3 |  3.6
Summonings     | 1 2 3 |  3.6
Necromancy     | 1 2 3 |  3.6
Translocations | 1 2 3 |  3.6
Transmutations | 1 2 3 |  3.6
Fire Magic     | 1 2 3 |  3.6
Ice Magic      | 1 2 3 |  3.6
Air Magic      | 1 2 3 |  3.6
Earth Magic    | 1 2 3 |  3.6
Fighting       | 7 7 |  7.5
Long Blades    | 7 7 |  7.5
Poison Magic   | 6 |  6.2

Action                   |  1- 3 |  4- 6 |  7- 9 | 10-12 || total
-------------------------+-------+-------+-------+-------++-------
Melee: Falchion          |    80 |   105 |    54 |       ||   239
       Bite              |     4 |     6 |    39 |     6 ||    55
       Punch             |       |     1 |    14 |     2 ||    17
       Flail             |       |       |   374 |    43 ||   417
       Unarmed           |       |       |    11 |       ||    11
Invok: Sacrifice Skill   |       |       |     1 |       ||     1
  Use: Scroll            |     3 |     4 |     7 |     1 ||    15
       Potion            |       |     4 |     2 |       ||     6
 Stab: Sleeping          |     4 |     2 |     5 |       ||    11
Armor: Robe              |    23 |    11 |    17 |       ||    51
       Scale mail        |       |       |   223 |    26 ||   249
       Skin              |       |       |    52 |       ||    52
Dodge: Dodged            |    42 |    49 |   260 |    36 ||   387

Table legend: (Time is in decaauts)
 A = Elapsed time spent in this place.
 B = Non-inter-level travel time spent in this place.
 C = Inter-level travel time spent in this place.
 D = Time resting spent in this place.
 E = Time spent auto-exploring this place.
 F = Levels seen in this place.
 G = Mean time per level.
                   A        B        C        D        E       F      G
               +--------+--------+--------+--------+--------+-----+--------+
         Total |   7631 |   6932 |    699 |    264 |   5036 |  10 |  763.1 |
       Dungeon |   7073 |   6458 |    615 |    140 |   4797 |   8 |  884.1 |
        Temple |    297 |    213 |     84 |      0 |    201 |   1 |  297.0 |
         Sewer |    260 |    260 |      0 |    124 |     38 |   1 |  260.0 |
               +--------+--------+--------+--------+--------+-----+--------+

Top non-repeatable levels by time:
     D:1: 1435 daAuts
     D:3: 1408 daAuts
     D:2: 1077 daAuts
     D:4: 852 daAuts
     D:7: 776 daAuts
     D:5: 733 daAuts
     D:6: 708 daAuts
  Temple: 297 daAuts
   Sewer: 260 daAuts
     D:8: 81 daAuts
